 Dungeon Crawl Stone Soup version 0.27-a0-1557-g57f10a385c (webtiles) character file.

Game seed: 11626607565650591407

62 flotson the Sneak (level 3, -3/17 HPs)
             Began as a Felid Delver on July 15, 2021.
             Slain by a water moccasin zombie (5 damage)
             ... in an ossuary.
             The game lasted 00:02:25 (683 turns).

flotson the Sneak (Felid Delver)                     Turns: 683, Time: 00:02:26

Health: -3/17      AC:  1    Str:  9    XL:     3   Next: 85%
Magic:  4/4        EV: 18    Int: 11    God:
Gold:   16         SH:  0    Dex: 17    Spells: 2/2 levels left
                                        Lives:  0   Deaths: 1

rFire    . . .     SeeInvis +     - Unarmed
rCold    . . .     Faith    .   (shield unavailable)
rNeg     . . .     Spirit   .   (armour unavailable)
rPois    .         Reflect  .   (helmet unavailable)
rElec    .         Harm     .   (cloak unavailable)
rCorr    .         Rampage  .   (gloves unavailable)
Will     .....                  (boots unavailable)
Stlth    ++++......             (no amulet)
HPRegen  0.05/turn              (no ring)
MPRegen  0.09/turn              (no ring)

@: quick
A: very small, claws 1, fangs 3, see invisible, speed 1, shaggy fur 1, stealthy
paws, no weapons or thrown items, no armour, multi-lived
a: no special abilities


You were in an ossuary.
You visited 1 branch of the dungeon, and saw 1 of its levels.
You also visited: Ossuary.

You collected 16 gold pieces.

Inventory:

Wands
 e - a wand of digging (2)
Scrolls
 a - a scroll of fog
 c - a scroll of fear


   Skills:
 + Level 3.6 Fighting
 + Level 3.8 Dodging
 + Level 7.2 Stealth
 + Level 2.8 Unarmed Combat
 + Level 2.0 Evocations


You had 2 spell levels left.
You didn't know any spells.
Your spell library was empty.

Dungeon Overview and Level Annotations

Branches:
Dungeon (5/15)            Ossuary (1/1)
 Temple: D:4-7

Altars:


Innate Abilities, Weirdness & Mutations

You have sharp claws.
You have razor-sharp teeth.
You have supernaturally acute eyesight. (SInv)
You cover ground quickly. (Speed+)
You are covered in fur. (AC +1)
Your paws help you pounce on unaware monsters.
You are incapable of wielding weapons or throwing items.
You cannot wear armour.
You gain extra lives every three experience levels.


Message History

You barely miss the hobgoblin zombie. You bite the hobgoblin zombie.
The hobgoblin zombie is moderately damaged.
The hobgoblin zombie barely misses you.
You scratch the hobgoblin zombie but do no damage.
The hobgoblin zombie is moderately damaged.
The hobgoblin zombie misses you.
You scratch the hobgoblin zombie.
The hobgoblin zombie is severely damaged.
The hobgoblin zombie misses you.
You scratch the hobgoblin zombie.
You destroy the hobgoblin zombie!
The water moccasin zombie barely misses you.
You closely miss the water moccasin zombie.
The water moccasin zombie is heavily damaged.
The water moccasin zombie bites you.
You scratch the water moccasin zombie.
Your claw misses the water moccasin zombie.
The water moccasin zombie is heavily damaged.
The water moccasin zombie completely misses you.
The water moccasin zombie bites you.
* * * LOW HITPOINT WARNING * * *
You are too injured to fight recklessly!
You are too injured to fight recklessly!
You are too injured to fight recklessly!
You open the door.
An orc zombie comes into view.
The water moccasin zombie bites you.
* * * LOW HITPOINT WARNING * * *
There is an open door here.
The orc zombie barely misses you.
You barely miss the orc zombie.
The water moccasin zombie closely misses you.
The orc zombie closely misses you.
You scratch the orc zombie.
The orc zombie is moderately damaged.
The water moccasin zombie barely misses you.
You scratch the orc zombie.
You destroy the orc zombie!
The water moccasin zombie bites you.
You die...

#...#
###'#
#...#
#...#
#...#
#...#
######'##
#...#...#
+..@Z...#
#...#...#
#########


You could see a water moccasin zombie.

Vanquished Creatures
  An elf skeleton (D:5)
  A hound (D:5)
  An adder (D:5)
  A howler monkey skeleton (D:5)
  2 adder zombies (Ossuary)
  An orc (D:5)
  2 hobgoblin zombies (Ossuary)
  2 kobold zombies (Ossuary)
  4 orc zombies
15 creatures vanquished.

Notes
Turn   | Place    | Note
-------+----------+-------------------------------------------
     0 | D:5      | flotson the Felid Delver began the quest for the Orb.
     0 | D:5      | Reached XP level 1. HP: 10/10 MP: 2/2
    20 | D:5      | Noticed a hound
    49 | D:5      | Reached XP level 2. HP: 10/14 MP: 3/3
   202 | D:5      | Reached skill level 1 in Evocations
   202 | D:5      | Reached XP level 3. HP: 10/17 MP: 4/4
   223 | D:5      | Reached skill level 7 in Stealth
   271 | D:5      | Reached XP level 4. HP: 6/21 MP: 5/5
   363 | D:5      | Found a sand-covered staircase.
   368 | Ossuary  | Entered an ossuary
   651 | Ossuary  | HP: 1/21 [water moccasin zombie (4)]
   660 | Ossuary  | Mangled by a water moccasin zombie
   661 | Ossuary  | Reached XP level 3. HP: -6/17 MP: 4/4
   683 | Ossuary  | Slain by a water moccasin zombie

Illustrated notes

Levels and vault maps discovered:
D:5:      layout_loops_ring, nicolae_ossuary_entry_catacombs
Ossuary:  ossuary_tomb_2

Skill      XL: |  1  2  3 |
---------------+----------+-----
Dodging        | 3 |  3.8
Evocations     | 1 2 |  2.0
Stealth        | 7 |  7.2
Fighting       | |  3.6
Unarmed Combat | |  2.8

Action                   |  1- 3 |  4- 6 || total
-------------------------+-------+-------++-------
Melee: Unarmed           |    41 |    27 ||    68
       Bite              |     4 |     3 ||     7
       Punch             |     2 |       ||     2
Evoke: Wand              |       |     1 ||     1
  Use: Scroll            |     1 |       ||     1
       Potion            |     1 |       ||     1
 Stab: Sleeping          |     3 |     3 ||     6
Armor: Skin              |     2 |       ||     2
Dodge: Dodged            |    26 |    17 ||    43

Table legend: (Time is in decaauts)
 A = Elapsed time spent in this place.
 B = Non-inter-level travel time spent in this place.
 C = Inter-level travel time spent in this place.
 D = Time resting spent in this place.
 E = Time spent auto-exploring this place.
 F = Levels seen in this place.
 G = Mean time per level.
                   A        B        C        D        E       F      G
               +--------+--------+--------+--------+--------+-----+--------+
         Total |    626 |    626 |      0 |    218 |    207 |   2 |  313.0 |
       Dungeon |    320 |    320 |      0 |     38 |    143 |   1 |  320.0 |
       Ossuary |    306 |    306 |      0 |    180 |     63 |   1 |  306.0 |
               +--------+--------+--------+--------+--------+-----+--------+

Top non-repeatable levels by time:
     D:5: 320 daAuts
 Ossuary: 306 daAuts
